 Dungeon Crawl Stone Soup version 0.17.0-18-gaab0e96 (webtiles) character file.

130 HaroldButt the Insei (level 4, 0/34 HPs)
             Began as a Demigod Transmuter on Nov 11, 2015.
             Slain by Rayvis's ghost (16 damage)
             ... on level 3 of the Dungeon.
             The game lasted 00:10:43 (3177 turns).

HaroldButt the Insei (Demigod Transmuter)           Turns: 3177, Time: 00:10:44

Health: 0/34       AC:  5    Str: 13    XL:     4   Next: 59%
Magic:  9/9        EV: 12    Int: 20    God:
Gold:   87         SH:  0    Dex: 18    Spells: 3 memorised, 0 levels left

rFire  . . .     SeeInvis .       - Unarmed
rCold  . . .     Clarity  .     b - +0 robe
rNeg   . . .     SustAt   +     (no shield)
rPois  +         Gourm    .     j - +0 helmet
rElec  .         Spirit   .     (no cloak)
rCorr  .         Warding  .     (no gloves)
rMut   .         Stasis   .     f - +1 pair of boots
MR     .....                    (no amulet)
Stlth  ++........               q - +3 ring of intelligence
                                e - ring of poison resistance

@: not resistant to hostile enchantments, unstealthy
A: high mp 1, sustain attributes
a: no special abilities


You were on level 3 of the Dungeon.
You were not hungry.

You visited 1 branch of the dungeon, and saw 3 of its levels.

You collected 87 gold pieces.

Inventory:

Missiles
 a - 97 arrows
 g - 169 stones (quivered)
Armour
 b - a +0 robe (worn)
 f - a +1 pair of boots (worn)
 j - a +0 helmet (worn)
 y - a +0 ring mail
Jewellery
 e - a ring of poison resistance (left hand)
 q - a +3 ring of intelligence (right hand)
Scrolls
 h - 5 scrolls of remove curse
 n - a scroll of amnesia
 p - a scroll of enchant armour
Potions
 k - a potion of resistance
 o - 4 potions of curing
 s - a potion of haste
 t - a potion of flight {unknown}
 u - a potion of brilliance {unknown}
 z - a potion of magic {unknown}
 A - a potion of beneficial mutation {unknown}
Books
 c - a book of Changes

   Spells                             Type                      Level
   a - Beastly Appendage              Transmutation                1
   b - Sticks to Snakes               Transmutation                2
   c - Spider Form                    Transmutation/Poison         3
   d - Ice Form                       Ice/Transmutation            4
   e - Blade Hands                    Transmutation                5
Comestibles
 d - a bread ration
 i - 8 chunks of flesh
 w - a meat ration
 x - a royal jelly


   Skills:
 - Level 0.8 Fighting
 - Level 1.7 Dodging
 + Level 5.1 Unarmed Combat
 - Level 1.7 Spellcasting
 - Level 1.7 Transmutations


You couldn't memorise any spells.
You knew the following spells:

 Your Spells              Type           Power        Failure   Level  Hunger
a - Beastly Appendage     Trmt           #.....       10%         1    #......
b - Sticks to Snakes      Trmt           #.........   14%         2    ###....
c - Spider Form           Trmt/Pois      #.........   38%         3    ###....


Dungeon Overview and Level Annotations

Branches:
Dungeon (3/15)

Annotations:
D:3 Rayvis's ghost, amateur MiFi


Innate Abilities, Weirdness & Mutations

You have an increased reservoir of magic (+10% MP).
Your attributes are resistant to harm.


Message History

You swing at nothing.
You hit the hobgoblin.
The hobgoblin is heavily wounded.
You punch the hobgoblin!
You kill the hobgoblin!
You swing at nothing.
You see here a club.
Rayvis's ghost turns its malevolent gaze towards you.
A worm comes into view.
You punch the worm!
The worm is moderately wounded.
The worm closely misses you. The worm barely misses you.
You see here a club.
Rayvis's ghost closely misses you.
Things that are here:
a spear; an animal skin Rayvis's ghost hits you!
Rayvis's ghost hits you!
You die...

####.##....# .# # ..#
#(......##.# #.## ..#
#.##.#..##.# #.. ..#
#. #.#..##.## #.# .#
#. #........####.# ..
.....###.#....# [W
.##.####.#....# .. .
..##.....<..# ##
#.##.#.##w#@#
#.##.#.##.#W#######.#
#..W.W.##.w.รท)......#
###.#########)#######
#)# #)# #.# ###)###
#.# #.....# #.#
#.....# #.# #.....#


You could see a worm and Rayvis's ghost.

Vanquished Creatures
  Robin (D:3)
  4 adders
  2 oozes (D:1)
  A worm (D:2)
  A giant gecko (D:2)
  4 giant cockroaches
  2 gnoll zombies (D:2)
  5 goblins
  7 hobgoblins
  6 jackals (D:2)
  8 kobolds
  2 ball pythons
  8 bats
  7 giant newts
  10 rats
68 creatures vanquished.

Vanquished Creatures (collateral kills)
  7 goblins (D:3)
  2 hobgoblins (D:3)
9 creatures vanquished.

Grand Total: 77 creatures vanquished

Notes
Turn   | Place    | Note
--------------------------------------------------------------
     0 | D:1      | HaroldButt the Demigod Transmuter began the quest for the Orb.
     0 | D:1      | Reached XP level 1. HP: 15/15 MP: 5/5
   321 | D:1      | Reached skill level 3 in Unarmed Combat
   466 | D:1      | Reached XP level 2. HP: 17/22 MP: 7/7
   777 | D:1      | Learned a level 2 spell: Sticks to Snakes
  1444 | D:2      | Reached XP level 3. HP: 18/27 MP: 8/8
  1606 | D:2      | Found a bloodstained altar of Trog.
  1614 | D:2      | Reached skill level 4 in Unarmed Combat
  2247 | D:2      | Reached XP level 4. HP: 32/34 MP: 9/9
  2403 | D:2      | Found a basalt altar of Yredelemnul.
  2507 | D:2      | Found a sacrificial altar of Ru.
  2644 | D:2      | Learned a level 3 spell: Spider Form
  2646 | D:3      | Found a faded altar to an unknown god.
  2760 | D:3      | Found an ancient bone altar of Kikubaaqudgha.
  2878 | D:3      | Found a stormy altar of Qazlal.
  2963 | D:3      | Noticed Rayvis's ghost (amateur MiFi)
  3051 | D:3      | Noticed Robin
  3062 | D:3      | Reached skill level 5 in Unarmed Combat
  3092 | D:3      | Killed Robin
  3177 | D:3      | Slain by Rayvis's ghost

Action                   |  1- 3 |  4- 6 || total
-------------------------+-------+-------++-------
Melee: Unarmed           |   176 |    71 ||   247
Throw: Stone             |     7 |       ||     7
 Cast: Beastly Appendage |     3 |     3 ||     6
       Sticks to Snakes  |       |     1 ||     1
  Use: Scroll            |       |    10 ||    10
 Stab: Sleeping          |     3 |     2 ||     5
  Eat: Chunk             |     4 |     4 ||     8
